 Dungeon Crawl Stone Soup version 0.26.1-11-gd32895ea62 (webtiles) character file.

Game seed: 3081321505309395026

46 tizbic2 the Chiller (level 3, -3/31 HPs)
             Began as an Ogre Ice Elementalist on July 2, 2021.
             Slain by a gnoll
             ... wielding a +0 flail
              (7 damage)
             ... on level 3 of the Dungeon.
             The game lasted 00:06:02 (1228 turns).

tizbic2 the Chiller (Ogre Ice Elementalist)         Turns: 1228, Time: 00:06:03

Health: -3/31      AC:  4    Str: 12    XL:     3   Next: 68%
Magic:  3/6        EV: 10    Int: 16    God:
Gold:   42         SH:  0    Dex: 10    Spells: 2/6 levels left

rFire    . . .     SeeInvis .   k - +0 flail
rCold    . . .     Faith    .   (no shield)
rNeg     . . .     Spirit   .   a - +0 robe
rPois    .         Reflect  .   (helmet restricted)
rElec    .         Harm     .   c - +0 cloak
rCorr    .         Rampage  .   (gloves unavailable)
Will     .....                  (boots unavailable)
Stlth    +++.......             (no amulet)
HPRegen  0.10/turn              h - ring of stealth
MPRegen  0.10/turn              (no ring)

@: no status effects
A: large, unfitting armour, tough skin 1
a: no special abilities


You were on level 3 of the Dungeon.
You visited 1 branch of the dungeon, and saw 3 of its levels.

You collected 42 gold pieces.

Inventory:

Hand Weapons
 i - a +0 hunting sling of flaming
 k - a +0 flail (weapon)
Missiles
 d - 21 poisoned darts
 e - 19 stones (quivered)
Armour
 a - a +0 robe (worn)
 c - a +0 cloak (worn)
Jewellery
 h - a ring of stealth (left hand)
Scrolls
 f - 2 scrolls of teleportation {unknown}
 j - a scroll of random uselessness {unknown}
Potions
 g - a potion of degeneration {unknown}


   Skills:
 - Level 1.7 Dodging
 - Level 1.4 Stealth
 + Level 2.4 Spellcasting
 * Level 4.8 Ice Magic


You had 2 spell levels left.
You knew the following spells:

 Your Spells              Type           Power        Failure   Level
a - Freeze                Ice            68%          2%          1
b - Ozocubu's Armour      Ice            17%          9%          3

Your spell library contained the following spells:

 Spells                   Type           Power        Failure   Level
 Frozen Ramparts          Ice            34%          9%          3
 Hailstorm                Conj/Ice       9%           58%         4
 Summon Ice Beast         Ice/Summ       9%           58%         4


Dungeon Overview and Level Annotations

Branches:
Dungeon (3/15)

Altars:


Innate Abilities, Weirdness & Mutations

You are too large for most types of armour.
You have tough skin. (AC +1)


Message History

Your icy armour cracks and falls away as you move.
The gnoll barely misses you.
There is a stone staircase leading down here.
You climb downwards.
Found a white potion.
There is a stone staircase leading up here.
It was a potion of curing.
You feel better. The gnoll misses you.
You barely miss the gnoll.
The gnoll is moderately wounded.
The gnoll hits you with a +0 flail!
* * * LOW HITPOINT WARNING * * *
Casting: Ozocubu's Armour (quite dangerous; 9% risk of failure)
Confirm with . or Enter, or press ? or * to list all spells.
Aiming: Freeze (safe; 2% risk of failure)
Press: ? - help, Shift-Dir - straight line, f - gnoll
Aim: a gnoll, wielding a +0 flail (moderately wounded)
You freeze the gnoll.
The gnoll is severely wounded.
The gnoll hits you with a +0 flail!
You die...

#.# # #.#
#. #.#
.##.###
..... # ..!
#
#...###.#.#
.......@g.#
#...#####.#
# #


You could see a gnoll.

Vanquished Creatures
  2 dart slugs
  A leopard gecko (D:2)
  5 giant cockroaches
  2 goblins (D:2)
  6 hobgoblins
  6 jackals (D:1)
  5 kobolds
  3 bats (D:1)
  5 rats
35 creatures vanquished.

Notes
Turn   | Place    | Note
-------+----------+-------------------------------------------
     0 | D:1      | tizbic2 the Ogre Ice Elementalist began the quest for the
                  | Orb.
     0 | D:1      | Reached XP level 1. HP: 16/16 MP: 3/3
    77 | D:1      | Reached skill level 4 in Ice Magic
    77 | D:1      | Reached XP level 2. HP: 13/24 MP: 1/5
   442 | D:1      | Reached XP level 3. HP: 16/31 MP: 4/6
   486 | D:1      | Learned a level 3 spell: Ozocubu's Armour
  1228 | D:3      | Slain by a gnoll

Illustrated notes

Levels and vault maps discovered:
D:1:      dpeg_arrival_lava_altar, layout_basic
D:2:      layout_loops_ring, lemuel_round_altar
D:3:      layout_loops_ring

Skill      XL: |  1 |
---------------+----+-----
Ice Magic      | 4 |  4.8
Dodging        | |  1.7
Stealth        | |  1.4
Spellcasting   | |  2.4

Action                   || total
-------------------------++-------
Melee: Unarmed           ||    71
       Club              ||    41
       Flail             ||    10
Throw: Stone             ||     6
 Cast: Freeze            ||    29
       Ozocubu's Armour  ||     3
  Use: Potion            ||     1
Armor: Robe              ||    60
Dodge: Dodged            ||    92
